 Dungeon Crawl Stone Soup version 0.29-a0-11-ga75d3d97ab (webtiles) character file.

Game seed: 18272647962192151377

358 lonewolfV2 the Scratcher (level 6, -8/28 HPs)
             Began as a Felid Fighter on Jan 28, 2022.
             Was an Initiate of Makhleb.
             Mangled by an unseen horror (11 damage)
             ... on level 5 of the Dungeon.
             The game lasted 00:08:39 (7060 turns).

lonewolfV2 the Scratcher (Felid Fighter)            Turns: 7060, Time: 00:08:40

Health: -8/28      AC:  2    Str: 14    XL:     6   Next: 37%
Magic:  7/7        EV: 20    Int:  9    God:    Makhleb [......]
Gold:   260        SH:  0    Dex: 16    Spells: 5/5 levels left
                                        Lives:  0   Deaths: 1

rFire   x . .      SeeInvis +     - Unarmed
rCold   + + .      Faith    .   (shield unavailable)
rNeg    . . .      Spirit   .   (armour unavailable)
rPois   .          Reflect  .   (helmet unavailable)
rElec   .          Harm     .   (cloak unavailable)
rCorr   .          Rampage  .   (gloves unavailable)
Will    .....                   (boots unavailable)
Stlth   ++........              (no amulet)
HPRegen 0.09/turn               h - ring of protection from cold
MPRegen 0.10/turn               f - ring of ice

@: invisible, very slow
A: very small, claws 1, fangs 3, see invisible, speed 1, shaggy fur 2, stealthy
paws, no weapons or thrown items, no armour, multi-lived
a: Renounce Religion


You were on level 5 of the Dungeon.
You worshipped Makhleb.
Makhleb was noncommittal.
You visited 2 branches of the dungeon, and saw 6 of its levels.

You collected 260 gold pieces.

Inventory:

Jewellery
 f - a ring of ice (right paw)
 h - a ring of protection from cold (left paw)
Wands
 d - a wand of charming (8)
 g - a wand of flame (15)
 l - a wand of iceblast (5)
Scrolls
 a - 3 scrolls of identify
 j - 2 scrolls of amnesia {unknown}
Potions
 b - a potion of degeneration
 c - 2 potions of flight


   Skills:
 + Level 3.8 Fighting
 + Level 5.8 Dodging
 + Level 3.8 Stealth
 + Level 6.6 Unarmed Combat


You had 5 spell levels left.
You didn't know any spells.
Your spell library contained the following spells:

 Spells                   Type           Power      Damage    Failure   Level
 Slow                     Hex            0%         N/A       38%         1
 Confusing Touch          Hex            0%         N/A       77%         3
 Vampiric Draining        Necr           0%         2d6       77%         3


Dungeon Overview and Level Annotations

Branches:
Dungeon (5/15)             Temple (1/1) D:4

Altars:
Ashenzari
Cheibriados
Dithmenos
Elyvilon
Fedhas
Hepliaklqana
Makhleb
Nemelex Xobeh
Okawaru
Qazlal
Sif Muna
Trog
Uskayaw
Vehumet
Wu Jian
Xom
Yredelemnul
Zin
The Shining One


Innate Abilities, Weirdness & Mutations

You have sharp claws.
You have razor-sharp teeth.
You have supernaturally acute eyesight. (SInv)
You cover ground quickly. (Speed+)
You are covered in thick fur. (AC +2)
Your paws help you pounce on unaware monsters.
You are incapable of wielding weapons or throwing items.
You cannot wear armour.
You gain extra lives every three experience levels.


Message History

The gnoll splashes around in the water.
You barely miss the gnoll.
The gnoll is moderately wounded.
Your unstable footing causes you to fumble your attack.
The gnoll completely misses you.
You barely miss the gnoll.
The gnoll is moderately wounded.
The gnoll splashes around in the water.
You claw the gnoll! You bite the gnoll.
You kill the gnoll!
Makhleb accepts your kill.
You hear a splash.
Things that are here:
a +0 whip; a gnoll corpse HP restored.
You enter the shallow water.
Moving in this stuff is going to be slow.
An unseen horror comes into view.
An unseen horror is nearby!
An unseen horror is nearby!
The unseen horror splashes around in the water.
You scratch the unseen horror.
The unseen horror is lightly wounded.
The unseen horror splashes around in the water. x2
You scratch the unseen horror.
The unseen horror is lightly wounded.
The unseen horror hits you.
You closely miss the unseen horror.
The unseen horror is lightly wounded.
The unseen horror splashes around in the water.
You enter the shallow water.
Moving in this stuff is going to be slow.
The unseen horror misses you. The unseen horror hits you!
Your unstable footing causes you to fumble your attack.
The unseen horror hits you!
* * * LOW HITPOINT WARNING * * *
You fade into invisibility!
The unseen horror misses you. The unseen horror hits you!
You die...

#?#######.##
#..# ## ##.##
##. ######...#
#.. .P.?≈##'##
#.# .PP?≈≈#.#
#.# ....≈S#.#
##≈# ...(≈S#.#
#≈@# .P≈)≈##≈#
##x##########≈##
#..# .≈((≈##≈##
#.#+ .PP≈≈S#.#
#.# ....SS#.#
#≈# .P≈.≈≈#.#
#≈## .≈).≈##.#
##≈########≈##
##...)≈≈≈≈##


You could see an unseen horror (invisible).

Vanquished Creatures
  2 ogres (D:4)
  A scorpion (D:4)
  2 hounds
  An iguana (D:5)
  A gnoll (D:5)
  7 adders
  An ufetubus (D:5)
  An adder skeleton (D:4)
  A worm (D:2)
  2 dart slugs
  10 orcs
  5 ball pythons
  6 bats
  10 endoplasms
  11 giant cockroaches
  5 goblins
  2 hobgoblins (D:1)
  6 jackals
  A quokka (D:2)
  5 frilled lizards
  9 kobolds
  2 rats
91 creatures vanquished.

Notes
Turn   | Place    | Note
-------+----------+-------------------------------------------
     0 | D:1      | lonewolfV2 the Felid Fighter began the quest for the Orb.
     0 | D:1      | Reached XP level 1. HP: 10/10 MP: 2/2
   156 | D:1      | Reached XP level 2. HP: 14/14 MP: 3/3
   906 | D:2      | Reached XP level 3. HP: 11/17 MP: 4/4
  1036 | D:2      | Found a faded altar of an unknown god.
  2251 | D:2      | Reached XP level 4. HP: 11/21 MP: 5/5
  2622 | D:3      | Found a white marble altar of Elyvilon.
  2630 | D:3      | Reached skill level 5 in Unarmed Combat
  2631 | D:3      | Reached skill level 1 in Stealth
  2981 | D:3      | Found a bloodstained altar of Trog.
  3087 | D:3      | Reached skill level 5 in Dodging
  3706 | D:3      | Found an iron altar of Okawaru.
  4248 | D:3      | Found a glowing silver altar of Zin.
  5153 | D:4      | Found a broken altar of Ashenzari.
  5183 | D:4      | Noticed an ogre
  5199 | D:4      | Killed an ogre
  5200 | D:4      | Reached XP level 5. HP: 25/25 MP: 6/6
  5449 | D:4      | Gained mutation: You are covered in thick fur. (AC +2)
                  | [Felid growth]
  5449 | D:4      | Reached XP level 6. HP: 8/28 MP: 7/7
  5845 | D:4      | Found a staircase to the Ecumenical Temple.
  5871 | D:4      | Slain by an ogre
  5872 | D:4      | Reached XP level 5. HP: -2/25 MP: 6/6
  5927 | D:4      | Reached skill level 6 in Unarmed Combat
  5938 | D:4      | Found a hazy altar of Hepliaklqana.
  5940 | D:4      | Found a shimmering altar of Xom.
  5941 | D:4      | Noticed a spectral ugly thing
  6010 | D:4      | Killed an ogre
  6287 | Temple   | Entered the Ecumenical Temple
  6294 | Temple   | Became a worshipper of Makhleb the Destroyer
  6395 | D:5      | Entered Level 5 of the Dungeon
  6464 | D:5      | Reached XP level 6. HP: 25/28 MP: 7/7
  6529 | D:5      | Found a snail-covered altar of Cheibriados.
  6931 | D:5      | Found a glowing golden altar of the Shining One.
  7051 | D:5      | Noticed an unseen horror
  7060 | D:5      | Mangled by an unseen horror

Illustrated notes

Levels and vault maps discovered:
D:1:      scummos_arrival_forest, layout_loops_ring, minmay_worlds_worst_comb
D:2:      layout_basic, nicolae_ecumenical_lake_church
D:3:      layout_basic, bloody_trog, kennysheep_okawaru_gauntlet, zin_academy,
          nicolae_elyvilon_peaceful_grove
D:4:      layout_loops_ring, regret_index_temple_of_mockery, ashenzari_altar_1,
          minmay_temple_entry_sparse_star
D:5:      cheibrodos_two_vegetables, layout_loops_ring, kennysheep_slug_shrine,
          mainiacjoe_overflow_chevrons, gammafunk_ghost_necromancy
Temple:   compressed_dpeg_circular_temple

Skill      XL: |  1  2  3  4  5 |
---------------+----------------+-----
Unarmed Combat | 5 6 |  6.6
Stealth        | 2 3 |  3.8
Dodging        | 5 |  5.8
Fighting       | |  3.8

Action                   |  1- 3 |  4- 6 || total
-------------------------+-------+-------++-------
Melee: Unarmed           |    89 |   147 ||   236
       Bite              |     9 |    11 ||    20
       Punch             |     3 |     6 ||     9
  Use: Scroll            |       |     6 ||     6
       Potion            |       |     4 ||     4
 Stab: Sleeping          |       |     4 ||     4
Armor: Skin              |     9 |    13 ||    22
Dodge: Dodged            |   109 |   140 ||   249

Table legend: (Time is in decaauts)
 A = Elapsed time spent in this place.
 B = Non-inter-level travel time spent in this place.
 C = Inter-level travel time spent in this place.
 D = Time resting spent in this place.
 E = Time spent auto-exploring this place.
 F = Levels seen in this place.
 G = Mean time per level.
                   A        B        C        D        E       F      G
               +--------+--------+--------+--------+--------+-----+--------+
         Total |   6431 |   6346 |     85 |   2416 |   3067 |   6 | 1071.8 |
       Dungeon |   6372 |   6287 |     85 |   2416 |   3059 |   5 | 1274.4 |
        Temple |     59 |     59 |      0 |      0 |      8 |   1 |   59.0 |
               +--------+--------+--------+--------+--------+-----+--------+

Top non-repeatable levels by time:
     D:3: 2078 daAuts
     D:2: 1629 daAuts
     D:4: 1384 daAuts
     D:1: 662 daAuts
     D:5: 617 daAuts
  Temple: 59 daAuts
